 Dungeon Crawl Stone Soup version 0.29.1-4-g47bece8355 (webtiles) character file.

Game seed: 9128547811694225080

71652 GigaChad the Severer (level 14, -9/129 HPs)
             Began as a Minotaur Gladiator on Dec 6, 2022.
             Was a High Priest of Trog.
             Mangled by a deep troll (12 damage)
             ... on level 1 of the Depths.
             The game lasted 00:58:36 (21289 turns).

GigaChad the Severer (Minotaur Gladiator)          Turns: 21289, Time: 00:58:42

Health: -9/129     AC: 30    Str: 27    XL:     14   Next: 98%
Magic:  13/13      EV: 13    Int:  5    God:    Trog [*****.]
Gold:   1183       SH:  0    Dex: 14    Spells: 13/13 levels left

rFire   . . .      SeeInvis .   F - +7 battleaxe of Peral {venom, Drain rElec Will+ rCorr}
rCold   + . .      Faith    .   (shield currently unavailable)
rNeg    . . .      Spirit   .   i - +7 crystal plate armour of Perfidy {rC+ Regen+ Str-3 Dex+2}
rPois   .          Reflect  .   c - +0 hat
rElec   +          Harm     .   v - +0 cloak
rCorr   +          Rampage  .   (no gloves)
Will    ++...                   (no boots)
Stlth   ..........              y - amulet of the acrobat
HPRegen 1.11/turn               h - +4 ring of evasion
MPRegen 0.13/turn               p - +6 ring of strength

@: lethally poisoned (-9 -> -14)
A: horns 2, retaliatory headbutt
a: Renounce Religion, Berserk, Trog's Hand, Brothers in Arms


You were on level 1 of the Depths.
You worshipped Trog.
Trog was extremely pleased with you.
You visited 4 branches of the dungeon, and saw 21 of its levels.
You also visited: Volcano.

You collected 1663 gold pieces.
You spent 480 gold pieces at shops.

Inventory:

Hand Weapons
 a - a +0 war axe
 u - a +4 quarterstaff of chaos
 F - the +7 battleaxe of Peral (weapon) {venom, Drain rElec Will+ rCorr}
   (You found it on level 4 of the Dungeon)

   It poisons the flesh of those it strikes.
   rElec:     It insulates you from electricity.
   rCorr:     It protects you from acid and corrosion.
   Drain:     It drains your maximum health when unequipped.
   Will:      It increases your willpower.
 M - a +2 spectral quarterstaff
 S - a -1 demon whip of venom
Missiles
 d - 4 throwing nets
Armour
 b - a +0 leather armour
 c - a +0 hat (worn)
 i - the +7 crystal plate armour of Perfidy (worn) {rC+ Regen+ Str-3 Dex+2}
   (You acquired it on level 4 of the Dungeon)

   Str:       It affects your strength (-3).
   Dex:       It affects your dexterity (+2).
   rC:        It protects you from cold.
   Regen:     It increases your rate of health regeneration.
 v - a +0 cloak (worn)
 A - a +1 plate armour
 D - a +0 tower shield
 X - +0 swamp dragon scales
Jewellery
 g - a +6 ring of strength
 h - a +4 ring of evasion (left hand)
 o - the ring "Vekhlot" {rPois rN+ Dex+2}
   (You found it on level 13 of the Dungeon)

   [ring of positive energy]

   Dex:       It affects your dexterity (+2).
   rPois:     It protects you from poison.
   rN:        It protects you from negative energy.
 p - a +6 ring of strength (right hand)
 t - a +6 ring of intelligence
 y - an amulet of the acrobat (around neck)
 J - an amulet of guardian spirit
 Y - the ring of Fragile Peace {Wiz Int+6}
   (You took it off a meliai on level 4 of the Lair of Beasts)

   [ring of wizardry]

   It improves your spell success rate.
   Int:       It affects your intelligence (+6).
Wands
 e - a wand of acid (2)
 Q - a wand of polymorph (11)
 T - a wand of flame (15) (quivered)
 U - a wand of roots (4)
Scrolls
 j - 3 scrolls of summoning
 l - 15 scrolls of identify
 m - 3 scrolls of teleportation
 r - a scroll of magic mapping {unknown}
 s - 3 scrolls of fear
 H - 4 scrolls of poison
 O - 2 scrolls of enchant weapon
 R - a scroll of enchant armour
Potions
 f - 8 potions of attraction {unknown}
 k - 2 potions of cancellation {unknown}
 n - 3 potions of magic {unknown}
 q - 11 potions of curing {unknown}
 w - 5 potions of haste {unknown}
 x - 3 potions of resistance {unknown}
 z - 6 potions of heal wounds {unknown}
 B - 6 potions of brilliance {unknown}
 C - 7 potions of degeneration {unknown}
 G - a potion of invisibility {unknown}
 I - 2 potions of mutation {unknown}
 K - 2 potions of might {unknown}
 L - 2 potions of berserk rage
 N - 3 potions of lignification {unknown}
 P - 3 potions of flight {unknown}
 Z - 3 potions of ambrosia {unknown}
Miscellaneous
 E - a condenser vane
 V - a piece from Xom's chessboard (15/15)


   Skills:
 + Level 13.5 Fighting
 + Level 20.1 Axes
 + Level 2.1 Throwing
 + Level 12.5 Armour
 * Level 10.5 Dodging
 + Level 0.3 Stealth
 * Level 13.3 Shields
 + Level 0.1 Evocations


You had 13 spell levels left.
You didn't know any spells.
Your spell library contained the following spells:

 Spells                   Type           Power      Damage    Failure   Level
 Sting                    Tmut/Pois      0%         1d3       100%        1
 Poisonous Vapours        Pois/Air       0%         N/A       100%        2
 Olgreb's Toxic Radiance  Pois           0%         N/A       100%        4


Dungeon Overview and Level Annotations

Branches:
Dungeon (15/15)            Temple (0/1) D:6            Lair (4/5) D:9
  Swamp (0/4) Lair:2       Spider (0/4) Lair:2        Slime (1/5) Lair:4
    Orc (0/2) D:10         Vaults (0/5) D:13         Depths (1/4) D:15
Volcano (visited)

Altars:
Ashenzari
Cheibriados
Dithmenos
Elyvilon
Qazlal
Trog
Uskayaw
Vehumet
Wu Jian
The Shining One
Jiyva

Shops:
D:7 [   D:14 *=*!:

Portals:
Abyss: D:11 Depths:1

Annotations:
D:11 2 transporters, SirLogeyBear's ghost, journeyman HOBe


Innate Abilities, Weirdness & Mutations

You have a pair of horns on your head.
You reflexively headbutt those who attack you in melee.


Message History

The deep troll closely misses you.
The deep troll claws you but does no damage.
A deep troll comes into view.
A tengu reaver comes into view.
It is wielding a +2 battleaxe and wearing a +3 ring mail of cold resistance.
The deep troll misses you. You furiously retaliate!
You headbutt the deep troll.
The deep troll claws you but does no damage.
The deep troll completely misses you.
The tengu reaver gestures at you while chanting.
The bolt of poison hits you!!
You are poisoned.
* * * LOW HITPOINT WARNING * * *
You hear a shout!
You feel extremely sick.
You feel very sick.
A tengu reaver comes into view.
It is wielding a +3 antimagic battleaxe.
The tengu reaver completely misses you. The tengu reaver misses you.
The tengu reaver barely misses you.
You miss the tengu reaver.
The tengu reaver shouts!
You headbutt the tengu reaver.
The tengu reaver is lightly wounded.
You hit the deep troll.
The deep troll is poisoned.
You feel very sick.
The deep troll bites you but does no damage.
The deep troll barely misses you.
The deep troll claws you but does no damage.
You closely miss the tengu reaver.
The tengu reaver is lightly wounded.
You slash the deep troll!
The deep troll looks as sick as possible!
You feel sick.
The tengu reaver hits you with a +2 battleaxe!
* * * LOW HITPOINT WARNING * * *
The tengu reaver pecks you.
* * * LOW HITPOINT WARNING * * *
The tengu reaver claws you.
* * * LOW HITPOINT WARNING * * *
The deep troll bites you!
You die...

#T #....#
#.# ###.##
..## #.#
#.##..#
#.T...#
#T#.##.#
#.##.#
#.#######.#
#.#
#.Q.Q@T.T.#
#.#
#.#########
##


You could see an iron troll, 2 tengu reavers and a deep troll (extremely
poisoned).

Vanquished Creatures
  An acid blob (Slime:1)
  A sphinx (Depths:1)
  Gastronok (D:11)
  A very ugly thing (Depths:1)
  Josephine (Lair:4)
  The ghost of Imievvi the Spear-Bearer, a journeyman GnCA of Ignis (D:13)
  2 fire dragons (D:15)
  A vault guard (D:13)
  8 hydras
  Fannar (D:11)
  Erica (D:11)
  2 boulder beetles
  2 two-headed ogres
  4 centaur warriors
  A tengu warrior (D:15)
  A deep troll shaman (Depths:1)
  2 deep troll earth magi (Depths:1)
  Amaemon (D:9)
  4 skeletal warriors (D:15)
  An iron troll (Depths:1)
  A deep troll (Depths:1)
  A wizard (D:15)
  An orc knight (D:15)
  17 ugly things
  Pikel (D:8)
  A manticore (shapeshifter) (D:11)
  A manticore (D:11)
  4 cyclopes
  A guardian serpent (shapeshifter) (D:13)
  3 black mambas
  An orange demon (D:9)
  A gargoyle (D:8)
  5 cane toads
  An unseen horror (D:12)
  8 rime drakes (Lair:4)
  2 freezing wraiths
  A yaktaur (D:11)
  3 kobold demonologists
  2 tengu conjurers
  10 komodo dragons
  2 trolls
  A hornet (D:10)
  6 meliai
  A queen bee (Lair:4)
  Grinder (D:4)
  2 polar bears (Lair:1)
  A blink frog (Lair:4)
  14 slime creatures
  6 dream sheep (Lair:4)
  31 yaks
  3 vampires
  7 wyverns
  4 basilisks
  A fire bat (Volcano)
  A steam dragon (D:8)
  6 wraiths
  Menkaure (D:7)
  10 vampire mosquitoes
  4 acid dragons
  13 water moccasins
  A swamp drake (Lair:2)
  2 ice beasts (D:7)
  7 orc warriors
  3 sky beasts
  5 black bears
  4 ogres
  13 wolves
  6 boggarts
  5 centaurs
  2 phantoms
  8 bullfrogs
  4 kobold brigands
  A necrophage (D:5)
  A gnoll sergeant (D:9)
  5 scorpions
  4 wights (D:6)
  46 killer bees
  2 howler monkeys
  An electric eel (Lair:3)
  5 lava snakes (Volcano)
  5 hounds
  A jelly (D:5)
  Crazy Yiuf (D:2)
  7 orc priests
  Terence (D:2)
  5 iguanas
  10 orc wizards
  7 gnolls
  3 adders
  A shadow imp (D:5)
  A white imp (D:7)
  An ufetubus (D:7)
  3 worms
  4 dart slugs
  32 orcs
  6 bats
  8 endoplasms
  7 giant cockroaches
  9 goblins
  7 hobgoblins
  18 kobolds
  6 quokkas
  10 ball pythons
  2 frilled lizards
  4 rats
501 creatures vanquished.

Vanquished Creatures (collateral kills)
  An ugly thing (D:11)
  A troll (D:11)
2 creatures vanquished.

Vanquished Creatures (others)
  2 boggarts
  An orc priest (D:15)
  15 fungi
  53 plants
71 creatures vanquished.

Grand Total: 574 creatures vanquished

Notes
Turn   | Place    | Note
-------+----------+-------------------------------------------
     0 | D:1      | GigaChad the Minotaur Gladiator began the quest for the
                  | Orb.
     0 | D:1      | Reached XP level 1. HP: 18/18 MP: 0/0
   211 | D:1      | Reached skill level 4 in Axes
   269 | D:1      | Reached XP level 2. HP: 17/25 MP: 1/1
   501 | D:1      | Found a faded altar of an unknown god.
   954 | D:2      | Reached XP level 3. HP: 30/30 MP: 2/2
   960 | D:2      | Noticed Terence
   971 | D:2      | Killed Terence
   972 | D:2      | Reached skill level 5 in Axes
  1094 | D:2      | Reached XP level 4. HP: 22/37 MP: 3/3
  1341 | D:2      | Found a runed translucent door.
  1342 | D:2      | Noticed Crazy Yiuf
  1454 | D:2      | Killed Crazy Yiuf
  1455 | D:2      | Reached skill level 1 in Armour
  1949 | D:3      | Reached XP level 5. HP: 45/45 MP: 4/4
  2475 | D:3      | Found a large runed translucent door.
  2475 | D:3      | Found a large runed translucent door.
  2658 | D:3      | Found a bloodstained altar of Trog.
  2671 | D:3      | Became a worshipper of Trog the Wrathful
  2697 | D:3      | Reached skill level 6 in Axes
  2933 | D:3      | Found a broken altar of Ashenzari.
  2941 | D:3      | Found a snail-covered altar of Cheibriados.
  3008 | D:4      | Noticed a phantom
  3027 | D:4      | Killed a phantom
  3028 | D:4      | Reached skill level 1 in Shields
  3028 | D:4      | Reached XP level 6. HP: 4/51 MP: 5/5
  3565 | D:4      | Reached skill level 7 in Axes
  3807 | D:4      | Identified the +7 battleaxe of Peral {venom, Drain rElec
                  | Will+ rCorr}
  3827 | D:4      | Reached XP level 7. HP: 58/58 MP: 6/6
  3986 | D:4      | Reached * piety under Trog
  4128 | D:4      | Identified a scroll of acquirement
  4128 | D:4      | Acquired the +7 crystal plate armour of Perfidy {rC+ Regen+
                  | Str-3 Dex+2}
  4358 | D:4      | Noticed Grinder
  4364 | D:4      | Paralysed by Grinder for 3 turns
  4366 | D:4      | Killed Grinder
  4367 | D:4      | Reached skill level 8 in Axes
  4441 | D:5      | Entered Level 5 of the Dungeon
  4477 | D:5      | Reached XP level 8. HP: 67/67 MP: 7/7
  4773 | D:5      | Found a white marble altar of Elyvilon.
  4823 | D:5      | Reached skill level 5 in Shields
  5153 | D:5      | Found a hide-covered altar of Uskayaw.
  5330 | D:6      | Reached skill level 9 in Axes
  5361 | D:6      | Reached skill level 5 in Fighting
  5426 | D:6      | Reached skill level 5 in Armour
  5748 | D:6      | Found an ornate altar of the Wu Jian Council.
  5976 | D:6      | Found a staircase to the Ecumenical Temple.
  6142 | D:7      | Reached skill level 10 in Axes
  6209 | D:7      | Found Vitigoew's Armour Shoppe.
  6215 | D:7      | Reached XP level 9. HP: 75/75 MP: 8/8
  6280 | D:7      | Reached ** piety under Trog
  6403 | D:7      | Noticed Menkaure
  6406 | D:7      | Killed Menkaure
  6599 | D:7      | Reached skill level 11 in Axes
  7048 | D:8      | Found a radiant altar of Vehumet.
  7302 | D:8      | Noticed Pikel
  7307 | D:8      | Killed Pikel
  7308 | D:8      | Reached skill level 12 in Axes
  7343 | D:8      | Found a glowing golden altar of the Shining One.
  7403 | D:8      | Reached XP level 10. HP: 73/84 MP: 9/9
  7442 | D:8      | Found a shadowy altar of Dithmenos.
  7700 | D:8      | Noticed a gargoyle
  7704 | D:8      | Killed a gargoyle
  8197 | D:9      | Reached skill level 13 in Axes
  8243 | D:9      | Reached *** piety under Trog
  8245 | D:9      | Found a staircase to the Lair.
  8322 | D:9      | Reached skill level 14 in Axes
  8451 | D:9      | Noticed an orange demon
  8452 | D:9      | Noticed Amaemon
  8460 | D:9      | Killed an orange demon
  8467 | D:9      | Killed Amaemon
  8468 | D:9      | Reached XP level 11. HP: 68/94 MP: 10/10
  8851 | D:10     | Entered Level 10 of the Dungeon
  8928 | D:10     | Reached **** piety under Trog
  8964 | D:10     | Found a staircase to the Orcish Mines.
  9031 | D:10     | Reached skill level 5 in Dodging
  9137 | D:10     | Paralysed by a hornet for 3 turns
  9145 | D:10     | Reached skill level 15 in Axes
  9670 | D:11     | Found a transporter.
  9705 | D:11     | Found a transporter.
  9708 | D:11     | Found a one-way gate to the infinite horrors of the Abyss.
  9708 | D:11     | Noticed SirLogeyBear's ghost (journeyman HOBe)
  9750 | D:11     | Noticed a green ugly thing
  9753 | D:11     | Noticed Gastronok
  9768 | D:11     | Killed Gastronok
 10020 | D:11     | Noticed a brown ugly thing
 10023 | D:11     | Noticed a red ugly thing
 10025 | D:11     | Noticed a brown ugly thing
 10035 | D:11     | Killed a brown ugly thing
 10036 | D:11     | Killed a brown ugly thing
 10036 | D:11     | Noticed Erica
 10038 | D:11     | Noticed a boulder beetle
 10041 | D:11     | Reached skill level 10 in Shields
 10041 | D:11     | Killed a brown ugly thing
 10935 | Lair:1   | Entered Level 1 of the Lair of Beasts
 11127 | Lair:1   | Reached XP level 12. HP: 85/105 MP: 11/11
 11313 | Lair:1   | Reached skill level 16 in Axes
 11797 | Lair:2   | Found a hole to the Spider Nest.
 12012 | Lair:2   | Reached ***** piety under Trog
 12038 | Lair:2   | Found a staircase to the Swamp.
 12179 | Lair:2   | Reached skill level 10 in Fighting
 12233 | Lair:2   | Found a dark tunnel.
 12347 | Volcano  | Entered a volcano
 12895 | Lair:3   | Noticed an eight-headed hydra
 12916 | Lair:3   | Killed a 13-headed hydra
 13172 | Lair:3   | Noticed a five-headed hydra
 13181 | Lair:3   | Killed a ten-headed hydra
 13343 | Lair:3   | Reached skill level 10 in Armour
 13351 | Lair:3   | Received a gift from Trog
 13403 | Lair:3   | Noticed an eight-headed hydra
 13410 | Lair:3   | Killed an 11-headed hydra
 13411 | Lair:3   | Reached skill level 17 in Axes
 14437 | Lair:4   | Found a viscous altar of Jiyva.
 14437 | Lair:4   | Found a staircase to the Slime Pits.
 14475 | Lair:4   | Found a stormy altar of Qazlal.
 14673 | Lair:4   | Noticed a five-headed hydra
 14682 | Lair:4   | Killed an eight-headed hydra
 14731 | Lair:4   | Reached XP level 13. HP: 110/115 MP: 12/12
 15044 | Lair:4   | Identified the ring of Fragile Peace {Wiz Int+6}
 15323 | Lair:4   | Noticed Josephine
 15331 | Lair:4   | Killed Josephine
 15603 | Slime:1  | Entered Level 1 of the Pits of Slime
 15603 | Slime:1  | Noticed an acid blob
 15618 | Slime:1  | Killed an acid blob
 15619 | Slime:1  | Reached skill level 18 in Axes
 16336 | D:11     | Received a gift from Trog
 16504 | D:11     | Killed Erica
 16509 | D:11     | Noticed Fannar
 16521 | D:11     | Killed Fannar
 18193 | D:12     | Found a radiant altar of Vehumet.
 18576 | D:13     | Found a runed translucent door.
 18579 | D:13     | Noticed Imievvi's ghost (journeyman GnCA)
 18608 | D:13     | Killed Imievvi's ghost
 18609 | D:13     | Reached XP level 14. HP: 124/127 MP: 13/13
 18613 | D:13     | Identified the ring "Vekhlot" {rPois rN+ Dex+2}
 19031 | D:13     | Received a gift from Trog
 19036 | D:13     | Reached skill level 19 in Axes
 19059 | D:13     | Found a gate to the Vaults.
 19174 | D:14     | Found Vytudih's General Store.
 19183 | D:14     | Bought a condenser vane for 480 gold pieces
 19265 | D:14     | Found Cimim's Book Shop.
 19440 | D:14     | Found Areruidud's Assorted Antiques.
 19600 | D:14     | Found Wacagg's Jewellery Emporium.
 20069 | D:14     | Found Fisud's Distillery.
 20343 | D:15     | Entered Level 15 of the Dungeon
 20495 | D:15     | Reached skill level 10 in Dodging
 20502 | D:15     | Identified the +6 scale mail of Charity {Int+4}
 20520 | D:15     | Received a gift from Trog
 20996 | D:15     | Found a broken altar of Ashenzari.
 21094 | D:15     | Reached skill level 20 in Axes
 21147 | D:15     | Found a staircase to the Depths.
 21179 | Depths:1 | Entered Level 1 of the Depths
 21180 | Depths:1 | Found a snail-covered altar of Cheibriados.
 21199 | Depths:1 | Noticed a sphinx
 21223 | Depths:1 | Killed a sphinx
 21233 | Depths:1 | Noticed a red very ugly thing
 21245 | Depths:1 | Noticed a red very ugly thing
 21246 | Depths:1 | Noticed a red very ugly thing
 21250 | Depths:1 | Noticed a cyan very ugly thing
 21269 | Depths:1 | Killed a cyan very ugly thing
 21284 | Depths:1 | Noticed a tengu reaver
 21287 | Depths:1 | Noticed a tengu reaver
 21289 | Depths:1 | HP: 5/129 [tengu reaver/+2 battleaxe[Sojobo] (2)]
 21289 | Depths:1 | Mangled by a deep troll

Illustrated notes

Levels and vault maps discovered:
D:1:      dpeg_arrival_three_smaller_balls, layout_loops_ring,
          ebering_ecumenical_altar_rust, minmay_door_square, minmay_tall_x
D:2:      wad_woods_settlement, layout_rooms, uniq_crazy_yiuf_cottage,
          uniq_terence
D:3:      wad_crossroads, layout_basic, overflow_temple_1_default,
          jmf_multi_god_temple2, guppyfry_early_orc_mine
D:4:      layout_loops_ring, minmay_bent, uniq_grinder
D:5:      layout_gridville, kennysheep_mini_moat,
          mainiacjoe_overflow_surrounded_room, fountainhead, feat_on_display
D:6:      hellmonk_ruined_rings, layout_basic, marbit_many_paths,
          minmay_temple_entry_from_below_a
D:7:      layout_loops_ring, serial_shops, nicolae_stop_n_shop_2, uniq_menkaure
D:8:      layout_basic, mainiacjoe_overflow_six_doors_small,
          grunt_dithmenos_smoke_and_mirrors, nicolae_tso_carved_into_rock,
          uniq_pikel
D:9:      layout_cave_pools, minmay_lair_entry_grove, nicolae_fountain_basement,
          uniq_amaemon
D:10:     layout_loops_ring, minmay_orc_entry_temple_small
D:11:     layout_irregular_city, gammafunk_ghost_abyssal_escape,
          minmay_the_grid_2x2 [minmay_the_grid_doors, minmay_the_grid_mess,
          minmay_the_grid_medium_cups, minmay_the_grid_prize_shrinking_boxes],
          uniq_fannar, uniq_erica, uniq_gastronok
D:12:     layout_loops_ring, serial_glass, glass_columns_a, glass_columns_b,
          serial_shops, nicolae_shop_statue_plus, fiery_altar_vehumet
D:13:     layout_gridville, david_vaults_5, ebering_ghost_reflecting_pool
D:14:     layout_basic, serial_shops, shop, nicolae_shop_trees,
          nicolae_shop_trees, shop_statue, shop, serial_park_tiny_pond
D:15:     grunt_enter_depths_hoard, layout_small_grid, ashenzari_altar_1
Lair:1:   layout_roguey, infiniplex_staircase_pool
Lair:2:   layout_loops_ring, minmay_swamp_entry_reptiles,
          nicolae_spider_entry_non_spiders, lightli_volcano_entry_magma_tube,
          minmay_hedge_maze
Lair:3:   layout_cave_pods, minivault_25, grunt_megastairs_4,
          infiniplex_staircase_pool_2, serial_bayou_shore_a
Lair:4:   regret_index_bee_streams, layout_regular_city, slime_entry_1,
          basic_altar, uniq_josephine
Slime:1:  nicolae_slime_jelly_donut, layout_caves
Depths:1: kennysheep_gozag_temple, layout_basic, pf_hell_entry_tar_spiral,
          abyss_entry_glasseish, cheibriados_altar_1, serial_bayou_pond_e,
          minmay_misc_feat_hallway, kennysheep_pointless_box,
          minmay_crystal_water, lemuel_flamethrower_hall, uniq_sojobo

Skill      XL: |  1  2  3  4  5  6  7  8  9 10 11 12 13 14 |
---------------+-------------------------------------------+-----
Axes           | 4 5 6 7 8 10 12 14 15 17 18 20 | 20.1
Fighting       | 3 4 5 6 8 9 10 12 13 | 13.5
Armour         | 1 2 3 4 5 6 8 9 10 11 12 | 12.5
Dodging        | 4 6 7 9 10 | 10.5
Shields        | 1 3 4 5 7 8 10 11 12 13 | 13.3
Throwing       | |  2.1
Stealth        | |  0.3
Evocations     | |  0.1

Action                   |  1- 3 |  4- 6 |  7- 9 | 10-12 | 13-15 || total
-------------------------+-------+-------+-------+-------+-------++-------
Melee: War axe           |    54 |   112 |     1 |       |       ||   167
       Headbutt          |    14 |    19 |    19 |    71 |   128 ||   251
       Battleaxe         |       |       |   136 |   364 |   547 ||  1047
Throw: Throwing net      |       |       |     1 |       |       ||     1
Invok: Brothers in Arms  |       |       |       |     1 |     1 ||     2
Evoke: Wand              |       |       |       |       |     2 ||     2
  Use: Scroll            |     1 |       |    10 |     4 |     3 ||    18
 Stab: Confused          |       |       |       |     1 |       ||     1
Armor: Chain mail        |    26 |    19 |       |       |       ||    45
       Plate armour      |       |    31 |     3 |       |       ||    34
       Crystal plate arm |       |       |    86 |   308 |   403 ||   797
Dodge: Dodged            |    23 |    57 |   101 |   423 |   475 ||  1079
Block: Tower shield      |       |    22 |       |       |       ||    22
